Map: Golden Wall LE

Players

Denver

  • Race: Zerg Zerg
  • League: Master
  • Spawn Location: 7:00

LiquidClem (Clem) - Winner!

  • Race: Terran Terran
  • League: Master
  • Spawn Location: 5:00

Event: DreamHack SC2 Masters 2020 Summer Europe

VOD

Have the link to the VOD?

Description

Time

  • Played on: June 24, 2020, 1:31 p.m.
  • Length: 7:21

All games in this series

Show
View Real Time Build Order
Export as new Build Order

Denver Zerg 

Build Orders: Hatch First 

Get SALT Encoding   

  12  0:00  Drone  
  13  0:13  Overlord  
  13  0:17  Drone  
  14  0:31  Drone x2  
  16  0:49  Hatchery  
  15  0:54  Drone  
  16  0:58  Drone  
  16  1:01  Drone  
  18  1:12  Extractor  
  18  1:18  Spawning Pool  
  16  1:21  Drone  
  18  1:25  Drone  
  18  1:29  Drone  
  19  1:40  Drone  
  20  1:50  Drone  
  21  2:04  Queen x2  
  21  2:05  Zergling x4  
  27  2:13  Overlord  
  27  2:14  Metabolic Boost  
  27  2:19  Drone  
  28  2:35  Spore Crawler  
  27  2:40  Hatchery  
  27  2:41  Drone  
  27  2:44  Drone x2  
  27  2:47  Drone  
  30  2:51  Drone  
  30  2:56  Overlord  
  31  2:58  Drone  
  31  3:02  Drone  
  33  3:08  Queen  
  36  3:12  Drone  
  36  3:15  Drone x2  
  36  3:19  Drone  
  39  3:20  Drone  
  39  3:22  Drone  
  39  3:26  Overlord  
  41  3:35  Drone x2  
  41  3:40  Overlord  
  43  3:44  Queen  
  43  3:47  Drone x3  
  48  3:52  Drone x2  
  50  3:56  Overlord  
  50  3:58  Queen  
  50  4:02  Drone x2  
  54  4:05  Baneling Nest  
  53  4:11  Drone x3  
  53  4:16  Queen  
  58  4:18  Drone x2  
  58  4:19  Drone  
  58  4:24  Lair  
  61  4:28  Drone x2  
  61  4:29  Extractor  
  62  4:34  Zergling x6  
  62  4:35  Drone  
  66  4:38  Spore Crawler  
  66  4:39  Overlord  
  66  4:42  Drone  
  66  4:45  Overlord  
  66  4:47  Zergling x2  
  66  4:51  Spore Crawler  
  63  5:00  Zergling x14  
  63  5:08  Zergling x6  
  63  5:12  Drone  
  63  5:13  Drone x3  
  66  5:16  Drone  
  67  5:23  Drone x2  
  66  5:33  Centrifical Hooks, Drone x2  
  65  5:37  Evolution Chamber x2  
  65  5:39  Drone x2  
  65  5:43  Drone  
  65  5:44  Drone x2  
  65  5:45  Hatchery  
  65  5:49  Drone x5  
  72  5:51  Drone  
  72  5:54  Overlord  
  73  5:58  Drone  
  73  5:59  Overlord  
  74  6:05  Extractor x2  
  74  6:08  Drone x2  
  74  6:09  Extractor  
  73  6:15  Drone x4  
  73  6:17  Extractor  
  73  6:18  Drone x4  
  80  6:19  Drone  
  80  6:23  Drone x2  
  83  6:28  Spire  
  83  6:29  Zergling x6  
  85  6:35  Zergling x2, Baneling x4  
  85  6:36  Zergling x2  
  85  6:39  Overlord  
  87  6:42  Overlord x2  
  87  6:44  Overlord  
  87  6:47  Zergling x6  
  87  6:49  Overlord  
  87  6:52  Overlord  
  90  6:55  Overlord  
  90  6:59  Zergling x8  
Show
View Real Time Build Order
Export as new Build Order

LiquidClem Terran - Winner!

Build Orders: Liberator Opening, Reaper Expand 

Get SALT Encoding   

  12  0:00  SCV  
  13  0:12  SCV  
  14  0:17  Supply Depot  
  14  0:24  SCV  
  15  0:38  SCV  
  15  0:39  Barracks  
  16  0:43  Refinery  
  16  0:50  SCV  
  17  1:02  SCV  
  18  1:15  SCV  
  19  1:26  Reaper  
  19  1:27  Orbital Command  
  20  1:40  Command Center  
  20  1:48  Supply Depot  
  20  1:52  SCV  
  21  1:58  Marine  
  22  2:04  SCV  
  23  2:11  Factory  
  23  2:16  SCV  
  23  2:20  Barracks Reactor  
  24  2:24  Refinery  
  24  2:28  SCV  
  25  2:40  SCV  
  26  2:52  SCV, Orbital Command  
  26  2:56  Starport  
  27  3:02  Hellion x2  
  27  3:04  SCV, Marine  
  33  3:17  SCV x2  
  35  3:24  Hellion x2  
  35  3:26  Supply Depot  
  39  3:29  SCV  
  40  3:34  Liberator  
  40  3:35  SCV  
  40  3:40  Barracks Tech Lab  
  40  3:41  SCV  
  44  3:47  Hellion  
  46  3:49  Hellion  
  46  3:50  Supply Depot  
  46  3:51  SCV  
  50  3:55  SCV  
  50  4:03  SCV  
  50  4:07  SCV  
  50  4:08  Hellion  
  54  4:11  Stimpack  
  54  4:12  Hellion  
  54  4:15  SCV, Supply Depot  
  57  4:19  SCV  
  57  4:21  Starport Reactor  
  58  4:28  SCV, Command Center  
  59  4:32  SCV, Marine  
  61  4:41  SCV  
  61  4:42  Factory Tech Lab  
  62  4:45  Barracks  
  62  4:46  Barracks  
  62  4:48  SCV  
  62  4:50  Marine  
  64  4:57  Engineering Bay  
  64  4:58  SCV, Engineering Bay  
  65  5:01  SCV  
  65  5:04  Siege Tank  
  62  5:08  Marine  
  62  5:10  SCV, Starport Reactor  
  62  5:11  Refinery  
  62  5:12  Refinery  
  62  5:13  SCV  
  65  5:18  Supply Depot  
  65  5:22  SCV  
  65  5:25  SCV  
  65  5:26  Marine  
  66  5:33  Marine x2  
  58  5:36  Barracks  
  58  5:37  Barracks  
  58  5:41  Marine  
  59  5:44  SCV x2, Marine  
  59  5:47  Marine  
  63  5:50  Combat Shield  
  63  5:51  Marine  
  63  5:52  Factory Reactor  
  63  5:54  Medivac  
  66  5:58  Medivac  
  66  5:59  SCV  
  66  6:00  SCV  
  66  6:01  Marine  
  66  6:02  Marine  
  66  6:04  Marine  
  73  6:05  Marine  
  73  6:09  Orbital Command  
  73  6:11  Marine  
  74  6:12  SCV  
  74  6:14  SCV  
  74  6:17  Armory  
  77  6:22  Marine  
  77  6:24  Barracks Reactor x2, SCV  
  79  6:26  SCV  
  79  6:28  Marine x2  
  79  6:31  Marine  
  79  6:32  Marine  
  84  6:33  Widow Mine x2  
  84  6:35  Supply Depot  
  84  6:36  SCV  
  84  6:38  SCV  
  84  6:39  SCV  
  91  6:40  Supply Depot  
  91  6:47  Factory  
  91  6:48  SCV, Refinery, Marine  
  93  6:57  SCV x2, Marine x2  
  93  6:58  Marine  
  93  7:00  SCV, Supply Depot, Marine  
  108  7:09  SCV  
Tags
 
Add a new tag
Caveats
  • Supply blocks, unpowered buildings, or Contaminate may cause inaccurate times.
  • Supply counts are checked every 10 seconds.